Map: New Repugnancy LE

Players

Neuro - Winner!

  • Race: Zerg Zerg
  • League: Grandmaster
  • Spawn Location: 1:00

PureLegacy

  • Race: Terran Terran
  • League: Grandmaster
  • Spawn Location: 7:00

VOD

Have the link to the VOD?

Description

Time

  • Played on: Feb. 16, 2019, 8:01 p.m.
  • Length: 14:55
Show
View Real Time Build Order
Export as new Build Order

Neuro Zerg - Winner!

Build Orders: Hatch First 

Get SALT Encoding   

  12  0:01  Drone  
  13  0:13  Overlord  
  13  0:17  Drone  
  14  0:34  Drone x2  
  16  0:38  Drone  
  17  0:53  Hatchery  
  17  0:55  Drone  
  17  0:59  Drone  
  18  1:10  Extractor  
  17  1:14  Spawning Pool  
  17  1:17  Drone  
  17  1:22  Drone  
  18  1:31  Drone  
  19  1:41  Overlord  
  19  1:50  Drone  
  20  2:01  Queen  
  20  2:04  Queen  
  20  2:05  Zergling x4  
  26  2:18  Roach Warren  
  26  2:19  Drone x2  
  27  2:23  Drone  
  28  2:30  Drone  
  28  2:35  Overlord  
  29  2:39  Extractor  
  29  2:44  Overlord  
  29  2:51  Drone x2  
  31  3:13  Roach x4  
  31  3:14  Roach x3  
  31  3:15  Roach  
  31  3:19  Drone x2  
  49  3:32  Metabolic Boost  
  49  3:44  Drone x3  
  49  3:45  Overlord x2  
  52  4:00  Hatchery  
  51  4:08  Drone x6  
  57  4:21  Ravager  
  56  4:33  Drone x2  
  56  4:34  Drone x5  
  56  4:37  Queen  
  65  4:40  Drone  
  55  4:55  Drone x3  
  55  4:58  Lair  
  54  5:00  Spore Crawler  
  54  5:01  Spore Crawler  
  54  5:04  Drone x2  
  52  5:09  Evolution Chamber  
  52  5:10  Drone x6  
  52  5:12  Hatchery  
  56  5:16  Spore Crawler  
  56  5:20  Queen  
  57  5:29  Zergling x12  
  57  5:35  Extractor  
  62  5:37  Drone x4  
  66  5:46  Overlord  
  66  5:48  Evolution Chamber  
  65  5:50  Drone x7  
  65  5:53  Zerg Ground Armor Level 1  
  67  6:01  Zergling x6  
  70  6:08  Overseer  
  67  6:11  Zergling x18  
  67  6:18  Queen x2  
  75  6:21  Zergling x10  
  75  6:23  Queen x2  
  78  6:31  Zergling x6  
  76  6:38  Zergling x12  
  73  6:47  Drone x5  
  73  6:49  Drone  
  73  6:54  Pneumatized Carapace  
  79  6:55  Drone  
  79  6:58  Drone x2  
  80  7:10  Drone x4  
  80  7:13  Extractor  
  80  7:14  Drone x4  
  83  7:18  Extractor  
  83  7:19  Extractor  
  74  7:27  Baneling Nest  
  74  7:28  Extractor, Hydralisk Den, Drone x8  
  79  7:32  Hatchery  
  78  7:43  Zerg Melee Weapons Level 1  
  78  7:44  Zergling x20  
  84  7:52  Drone x3  
  84  7:53  Drone  
  88  8:02  Overlord x2  
  88  8:03  Overlord x4  
  88  8:04  Overseer  
  88  8:10  Zerg Ground Armor Level 2  
  88  8:13  Overseer  
  88  8:19  Centrifical Hooks  
  88  8:24  Zergling x16  
  94  8:33  Queen x2  
  98  8:37  Drone x5  
  103  8:44  Baneling x5  
  103  8:45  Baneling x9  
  103  8:49  Zergling x6  
  105  9:06  Zergling x30  
  117  9:16  Muscular Augments  
  117  9:19  Hydralisk x4  
  125  9:28  Drone  
  125  9:29  Zergling x10  
  125  9:30  Zergling x8, Extractor  
  134  9:40  Zergling x16  
  142  9:46  Overlord x4  
  142  9:49  Baneling x6  
  142  9:50  Baneling  
  141  10:04  Infestation Pit  
  141  10:06  Zergling x10  
  141  10:07  Zergling x20  
  155  10:19  Zergling x14  
  152  10:26  Zergling x10  
  152  10:27  Grooved Spines  
  147  10:39  Drone x6  
  153  10:46  Hive  
  153  10:47  Zerg Melee Weapons Level 2  
  153  10:50  Hatchery  
  153  10:53  Baneling x5  
  142  11:14  Zergling x6  
  142  11:15  Zergling x18  
  142  11:16  Overlord x8, Zerg Missile Weapons Level 1  
  154  11:21  Spire  
  153  11:27  Baneling x14  
  153  11:33  Extractor  
  153  11:37  Spore Crawler  
  151  11:45  Zergling x4  
  151  11:46  Zergling x34  
  159  12:02  Zergling x28  
  173  12:08  Baneling x2  
  173  12:09  Baneling x6  
  173  12:14  Adrenal Glands  
  173  12:19  Ultralisk Cavern  
  173  12:20  Zergling x8  
  173  12:21  Zergling x16  
  161  12:46  Greater Spire  
  161  12:49  Drone x3  
  164  12:51  Baneling x5  
  164  12:52  Hydralisk x8, Baneling x10  
  170  13:23  Chitinous Plating  
  164  13:28  Ultralisk x2  
  169  13:40  Corruptor  
  169  13:41  Corruptor x3  
  171  13:48  Baneling x5, Extractor  
  177  13:49  Extractor  
  175  14:07  Zergling x6, Ultralisk x3  
  175  14:08  Zergling x2  
  197  14:11  Baneling x6  
  197  14:12  Baneling  
  189  14:21  Zergling x18  
  189  14:22  Zergling x2  
  187  14:32  Zergling x2  
  187  14:33  Zergling x16  
Show
View Real Time Build Order
Export as new Build Order

PureLegacy Terran 

Build Orders: Gas First Reaper Expand, Hellion Banshee 

Get SALT Encoding   

  12  0:00  SCV  
  13  0:12  SCV  
  14  0:18  Supply Depot  
  14  0:27  SCV  
  15  0:32  Refinery  
  15  0:40  SCV  
  16  0:47  Barracks  
  16  0:52  SCV  
  17  1:04  SCV  
  18  1:16  SCV  
  19  1:33  Reaper, Orbital Command  
  20  1:47  Command Center  
  20  1:57  Factory  
  20  2:02  SCV  
  21  2:09  Barracks Reactor  
  21  2:12  Supply Depot  
  21  2:17  SCV  
  22  2:23  Refinery  
  22  2:29  SCV  
  23  2:41  SCV  
  24  2:49  Starport  
  24  2:52  Hellion x2  
  24  2:53  SCV  
  29  3:01  Orbital Command  
  29  3:06  SCV  
  30  3:13  Hellion  
  30  3:14  Hellion  
  30  3:19  SCV  
  35  3:28  SCV  
  35  3:32  SCV  
  39  3:42  Starport Tech Lab  
  39  3:44  Hellion  
  39  3:45  Hellion  
  41  3:51  Marine  
  41  3:53  Bunker  
  44  3:57  Supply Depot  
  44  4:00  Banshee  
  44  4:01  Cloaking Field  
  45  4:04  SCV  
  46  4:14  SCV  
  46  4:18  Supply Depot x2  
  46  4:19  Hellion x2  
  41  4:51  Banshee  
  38  4:55  SCV  
  37  5:01  Hellion x2, Barracks Tech Lab  
  37  5:02  SCV  
  42  5:08  SCV  
  43  5:14  SCV  
  43  5:20  SCV  
  45  5:22  Supply Depot  
  45  5:23  Stimpack  
  45  5:26  SCV  
  46  5:32  SCV  
  47  5:38  SCV  
  47  5:42  Factory Tech Lab  
  48  5:43  Command Center  
  48  5:44  SCV  
  48  5:47  Barracks x2  
  49  5:50  Starport Reactor  
  49  5:53  SCV  
  50  6:02  SCV  
  51  6:05  Marine, SCV  
  51  6:09  Supply Depot  
  53  6:27  Marine  
  53  6:28  SCV x2  
  53  6:30  Siege Tank  
  53  6:31  Engineering Bay x2  
  59  6:37  Starport Reactor  
  49  6:41  Marine x2  
  51  6:48  SCV x2  
  51  6:52  Marine x3  
  56  6:59  Barracks, Marine x2, Orbital Command  
  56  7:00  Barracks, SCV  
  58  7:07  SCV  
  59  7:08  Terran Infantry Armor Level 1, Terran Infantry Weapons Level 1  
  59  7:10  Marine  
  59  7:12  SCV  
  59  7:15  Marine x2  
  63  7:19  Marine x2  
  65  7:23  SCV  
  65  7:24  SCV  
  65  7:27  Refinery x2  
  65  7:28  Marine  
  64  7:33  Medivac x2  
  64  7:46  SCV x2  
  66  7:53  Marine x5  
  66  7:54  Siege Tank  
  66  7:56  Barracks Reactor  
  66  7:57  SCV  
  76  7:58  SCV x2  
  77  8:06  Barracks Reactor  
  77  8:07  Medivac  
  77  8:08  Medivac  
  77  8:09  Orbital Command  
  77  8:10  Marine, SCV x2  
  77  8:11  Marine x3  
  87  8:20  Armory  
  87  8:21  Supply Depot  
  87  8:22  SCV  
  87  8:23  SCV  
  87  8:25  Marine  
  90  8:28  Siege Tank  
  93  8:43  Marine x6, SCV x2  
  101  8:51  Supply Depot x3  
  101  8:52  SCV  
  101  8:55  Marine  
  101  9:12  Marine x8, SCV  
  101  9:13  SCV x2  
  112  9:18  Sensor Tower  
  112  9:21  Supply Depot  
  112  9:23  Supply Depot  
  112  9:24  Marine, SCV  
  112  9:25  Combat Shield, SCV  
  112  9:29  SCV  
  112  9:30  Marine  
  117  9:36  SCV  
  118  9:41  Marine x2, Supply Depot  
  120  9:47  Marine x2  
  120  9:50  Marine x2  
  120  9:52  Marine x2  
  124  9:54  Terran Infantry Armor Level 2, Terran Infantry Weapons Level 2  
  126  10:02  Marine x3  
  126  10:05  Marine, SCV x2  
  132  10:10  Factory  
  132  10:11  Marine  
  105  10:28  Siege Tank  
  105  10:29  Marine x6  
  105  10:30  Marine  
  105  10:32  Terran Vehicle Weapons Level 1, SCV x3  
  105  10:35  Refinery, Marine x2  
  120  10:36  Refinery  
  120  10:44  SCV x2  
  120  10:47  Marine x2  
  124  10:50  Marine  
  124  10:51  Marine x2  
  124  10:55  Command Center  
  127  10:57  Medivac  
  127  10:58  Medivac  
  127  11:00  Factory Tech Lab  
  127  11:01  Siege Tank  
  127  11:04  Unknown x5  
  134  11:05  Marine  
  134  11:10  SCV  
  134  11:11  SCV x2  
  125  11:23  SCV x3  
  125  11:24  Siege Tank  
  131  11:27  Medivac, Marine x4  
  131  11:28  Medivac, Marine  
  140  11:33  Siege Tank  
  140  11:37  Marine x4  
  140  11:38  SCV x2  
  149  11:52  SCV  
  149  11:54  Unknown x3  
  143  11:56  Siege Tank  
  143  11:57  Marine x3  
  148  12:05  SCV  
  148  12:06  Siege Tank  
  148  12:07  Marine x2  
  154  12:11  Supply Depot  
  154  12:12  Supply Depot  
  154  12:14  Barracks x2  
  154  12:15  SCV x2  
  154  12:22  SCV  
  157  12:26  Planetary Fortress  
  157  12:27  SCV  
  157  12:28  Siege Tank  
  159  12:38  SCV x2  
  159  12:40  SCV  
  160  12:48  Refinery  
  160  12:50  SCV x2, Sensor Tower  
  162  12:51  Refinery  
  162  12:52  SCV  
  162  12:55  Barracks  
  162  12:56  Siege Tank  
  166  13:02  SCV x2  
  166  13:04  SCV  
  169  13:07  Barracks Tech Lab  
  169  13:08  Barracks Tech Lab  
  168  13:13  SCV  
  159  13:32  Supply Depot x2  
  159  13:33  Supply Depot  
  159  13:35  Supply Depot  
  159  13:44  Barracks Tech Lab  
  159  13:47  Supply Depot  
  159  13:54  Marauder, SCV x3  
  159  13:55  Marauder x2, SCV  
  169  13:56  Refinery  
  169  13:58  Refinery  
  169  14:06  SCV x3  
  172  14:10  Marine x3  
  172  14:14  Marine x2  
  168  14:22  Marauder x2  
  161  14:25  Marine x3  
  102  14:46  Unknown x8  
Tags
 
Add a new tag
Caveats
  • Supply blocks, unpowered buildings, or Contaminate may cause inaccurate times.
  • Supply counts are checked every 10 seconds.